 Dungeon Crawl Stone Soup version 0.29.1-15-g9cfb28693d (webtiles) character file.

Game seed: 15382817239854719848

209 Andrakon the Shooter (level 5, -2/46 HPs)
             Began as a Minotaur Hunter on Mar 27, 2023.
             Was a Follower of Nemelex Xobeh.
             Slain by an ogre
             ... wielding a +0 giant club
              (15 damage)
             ... on level 4 of the Dungeon.
             The game lasted 00:10:06 (2792 turns).

Andrakon the Shooter (Minotaur Hunter)              Turns: 2792, Time: 00:10:06

Health: -2/46      AC:  4    Str: 16    XL:     5   Next: 55%
Magic:  4/4        EV: 13    Int:  6    God:    Nemelex Xobeh [*.....]
Gold:   136        SH:  0    Dex: 21    Spells: 4/4 levels left

rFire   . . .      SeeInvis .   a - +0 shortbow
rCold   + . .      Faith    .   (shield currently unavailable)
rNeg    . . .      Spirit   .   z - +1 leather armour {rC+}
rPois   .          Reflect  .   (helmet restricted)
rElec   .          Harm     .   (no cloak)
rCorr   .          Rampage  .   (no gloves)
Will    .....                   (no boots)
Stlth   ++........              (no amulet)
HPRegen 0.15/turn               x - +6 ring of dexterity
MPRegen 0.09/turn               (no ring)

@: no status effects
A: horns 2, retaliatory headbutt
a: Renounce Religion, Draw Escape, Draw Destruction, Draw Summoning


You were on level 4 of the Dungeon.
You worshipped Nemelex Xobeh.
Nemelex Xobeh was aware of your devotion.
You visited 1 branch of the dungeon, and saw 5 of its levels.

You collected 136 gold pieces.

Inventory:

Hand Weapons
 a - a +0 shortbow (weapon)
 s - a +0 whip of electrocution
 y - a +1 antimagic dagger
Armour
 h - an orb of guile
 l - a +0 ring mail
 t - a +0 scale mail
 z - a +1 leather armour of cold resistance (worn)
Jewellery
 x - a +6 ring of dexterity (left hand)
Scrolls
 b - a scroll of immolation
 d - 5 scrolls of identify {unknown}
 e - 2 scrolls of amnesia {unknown}
 f - a scroll of silence {unknown}
 i - a scroll of brand weapon {unknown}
 j - 2 scrolls of blinking {unknown}
 k - 2 scrolls of teleportation {unknown}
 m - a scroll of fog {unknown}
 p - a scroll of enchant weapon {unknown}
 v - a scroll of vulnerability {unknown}
Potions
 g - a potion of resistance {unknown}
 n - 2 potions of curing {unknown}
 o - a potion of attraction {unknown}
 q - a potion of heal wounds {unknown}
 r - 2 potions of degeneration {unknown}
 u - a potion of haste {unknown}
 w - a potion of lignification {unknown}


   Skills:
 + Level 3.8 Fighting
 * Level 5.9 Ranged Weapons
 + Level 3.4 Dodging
 + Level 2.2 Stealth


You had 4 spell levels left.
You didn't know any spells.
Your spell library contained the following spells:

 Spells                   Type           Power      Damage    Failure   Level
 Blink                    Tloc           0%         N/A       67%         2
 Lesser Beckoning         Tloc           0%         N/A       88%         3
 Portal Projectile        Hex/Tloc       0%         N/A       88%         3
 Stone Arrow              Conj/Erth      0%         3d7       88%         3
 Animate Armour           Summ/Erth      0%         N/A       99%         4
 Manifold Assault         Tloc           0%         N/A       100%        5
 Malign Gateway           Summ/Tloc      0%         N/A       100%        7
 Lehudib's Crystal Spear  Conj/Erth      0%         10d2      100%        8


Dungeon Overview and Level Annotations

Branches:
Dungeon (5/15)
 Temple: D:4-7

Altars:
Hepliaklqana
Nemelex Xobeh
Wu Jian

Annotations:
D:3 Sigmund


Innate Abilities, Weirdness & Mutations

You have a pair of horns on your head.
You reflexively headbutt those who attack you in melee.


Message History

There is an open door here.
A gnoll sergeant and 2 gnolls come into view.
The gnoll sergeant is wielding a +1 vorpal spear.
You shoot an arrow. The arrow hits the gnoll!
The gnoll shouts!
The gnoll is severely wounded.
The gnoll shouts!
You shoot an arrow. The arrow closely misses the gnoll.
The gnoll sergeant shouts!
You hear a shout! x2
You shoot an arrow. The arrow hits the gnoll.
You kill the gnoll!
A gnoll comes into view. It is wielding a +0 club.
You shoot an arrow. The arrow hits the gnoll sergeant.
The gnoll sergeant is lightly wounded.
You shoot an arrow. The arrow hits the gnoll sergeant!
The gnoll sergeant is heavily wounded.
You shoot an arrow. The arrow hits the gnoll sergeant.
The gnoll sergeant is heavily wounded.
A gnoll comes into view. It is wielding a +0 spear.
The gnoll sergeant hits you from afar with a +1 vorpal spear!
You shoot an arrow.
The arrow closely misses the gnoll sergeant.
The gnoll shouts!
The gnoll sergeant completely misses you.
You shoot an arrow. The arrow hits the gnoll sergeant!
The gnoll sergeant is almost dead.
A gnoll comes into view. It is wielding a +0 flail.
The gnoll sergeant barely misses you.
You shoot an arrow.
The arrow barely misses the gnoll sergeant.
The gnoll sergeant hits you from afar with a +1 vorpal spear!
You are too injured to fight recklessly!
You are too injured to fight recklessly!
There is an open door here.
There is a stone staircase leading up here.
The gnoll sergeant hits you from afar with a +1 vorpal spear!
* * * LOW HITPOINT WARNING * * *
You climb upwards.
The ogre hits you with a +0 giant club!
You die...
Your body disappears without a glow.

........................#.......#
#....................##..........
.#...........##..................
...#.......................#...##
...........................##..##
.....)..>..................##....
..........#......................
[........##......O.###.....#.....
.........#..##..@..# ##....#.....
#.#.........####..## #.....#.....
#.##..###..######.## ##....#.....
###...##..###..#...####..........
##.#............###............
###........).†................
#..............#>...........
##.............#.........#..
#......<...............#...


You could see an ogre.

Vanquished Creatures
  2 hounds
  An iguana (D:4)
  A gnoll (D:5)
  2 adders (D:2)
  3 worms
  7 orcs
  7 ball pythons
  9 endoplasms
  5 giant cockroaches
  8 goblins
  5 hobgoblins
  7 jackals
  3 kobolds
  A quokka (D:4)
  8 bats
  4 frilled lizards
  6 rats
79 creatures vanquished.

Notes
Turn   | Place    | Note
-------+----------+-------------------------------------------
     0 | D:1      | Andrakon the Minotaur Hunter began the quest for the Orb.
     0 | D:1      | Reached XP level 1. HP: 18/18 MP: 0/0
    87 | D:1      | Reached skill level 1 in Stealth
   166 | D:1      | Reached XP level 2. HP: 25/25 MP: 1/1
   183 | D:1      | Found a faded altar of an unknown god.
   413 | D:1      | Got the Compendium of Orientation
   424 | D:1      | Reached XP level 3. HP: 30/30 MP: 2/2
   686 | D:2      | Reached skill level 5 in Ranged Weapons
  1445 | D:2      | Found a hazy altar of Hepliaklqana.
  1583 | D:3      | Reached XP level 4. HP: 35/38 MP: 3/3
  1758 | D:3      | Found a sparkling altar of Nemelex Xobeh.
  1762 | D:3      | Became a worshipper of Nemelex Xobeh the Trickster
  1787 | D:3      | Noticed Sigmund
  1998 | D:3      | Found an ornate altar of the Wu Jian Council.
  2470 | D:4      | Reached * piety under Nemelex Xobeh
  2487 | D:4      | Reached XP level 5. HP: 45/45 MP: 4/4
  2573 | D:4      | Found a hazy altar of Hepliaklqana.
  2672 | D:4      | Noticed an ogre
  2697 | D:5      | Entered Level 5 of the Dungeon
  2792 | D:4      | Slain by an ogre

Illustrated notes

Levels and vault maps discovered:
D:1:      lightli_arrival_farm, layout_basic, hellmonk_ecumenical_altar_zigzags,
          minmay_circled_x
D:2:      layout_loops_corners, basic_altar
D:3:      layout_rooms, mainiacjoe_overflow_alcove_4, nemelex_dance_club_becter,
          uniq_sigmund
D:4:      layout_cave_pools, mainiacjoe_overflow_paths
D:5:      layout_basic, kennysheep_mini_moat, uniq_edmund, uniq_pikel

Skill      XL: |  1  2  3  4 |
---------------+-------------+-----
Stealth        | 1 2 |  2.2
Fighting       | 3 |  3.8
Ranged Weapons | 5 |  5.9
Dodging        | 3 |  3.4

Action                   |  1- 3 |  4- 6 || total
-------------------------+-------+-------++-------
 Fire: Shortbow          |   108 |   107 ||   215
Armor: Leather armour    |    19 |    11 ||    30
Dodge: Dodged            |    37 |    39 ||    76
